 Dungeon Sprint DCSS version 0.27-a0-978-g2aa4ecdaef (webtiles) character file.

Game seed: 17987355387312147781

66672 mhtbhm the Petrodigitator (level 15, -28/80 HPs)
             Began as a Gargoyle Earth Elementalist on Apr 14, 2021.
             Was the Champion of Vehumet.
             Killed from afar by a balrug (30 damage)
             ... with a fireball
             ... while paralysed by a sphinx
             ... in the Dungeon (Sprint VII: "The Pits").
             The game lasted 00:14:46 (4983 turns).

mhtbhm the Petrodigitator (GrEE)                    Turns: 4983, Time: 00:14:47

Health: -28/80     AC: 24    Str: 13    XL:     15   Next: 20%
Magic:  25/42      EV:  2    Int: 24    God:    Vehumet [******]
Gold:   44         SH:  0    Dex: 10    Spells: 11/61 levels left

rFire    . . .     SeeInvis .   a - staff of earth
rCold    . . .     Faith    .   (no shield)
rNeg     + . .     Spirit   .   c - +0 steam dragon scales
rPois    ∞         Reflect  .   H - +0 hat {Int+3}
rElec    +         Harm     .   s - +0 cloak
rCorr    .         Rampage  .   C - +0 pair of gloves
Will     +....     NoTele   +   (no boots)
Stlth    ++++......             (no amulet)
HPRegen  0.23/turn              o - +3 ring of protection
MPRegen  0.28/turn              p - +3 ring of protection

@: paralysed, frozen, flying, very slightly contaminated, very slow
A: AC +11, big wings, negative energy resistance 1, electricity resistance,
torment resistance 1, unbreathing 1, petrification resistance
a: Renounce Religion


You were in the Dungeon.
You worshipped Vehumet.
Vehumet was exalted by your worship.
You visited 1 branch You collected 44 gold pieces.

Inventory:

Missiles
 b - 47 stones
 n - a curare-tipped dart (quivered)
 t - 7 javelins
Armour
 c - +0 steam dragon scales (worn)
 s - a +0 cloak (worn)
 C - a +0 pair of gloves (worn)
 H - a +0 hat of intelligence (worn)
Magical Staves
 a - a staff of earth (weapon)
 I - a staff of air
Jewellery
 o - a +3 ring of protection (left hand)
 p - a +3 ring of protection (right hand)
 z - a ring of willpower
 B - a ring of ice
 E - a ring of see invisible
 G - a ring of ice
Wands
 k - a wand of digging (4)
 J - a wand of mindburst (17)
Scrolls
 i - 3 scrolls of blinking
 j - 5 scrolls of amnesia
 l - 2 scrolls of vulnerability
 w - 4 scrolls of enchant weapon
 x - a scroll of fog
 y - 5 scrolls of identify
 A - a scroll of enchant armour
Potions
 d - 7 potions of curing
 e - 16 potions of heal wounds
 f - 2 potions of haste
 g - 4 potions of magic
 h - 7 potions of berserk rage
 m - a potion of invisibility
 q - a potion of might
 r - a potion of mutation
 u - a potion of degeneration {unknown}
 v - a potion of brilliance
 D - a potion of ambrosia
 F - 2 potions of cancellation
Miscellaneous
 K - a phial of floods


   Skills:
 + Level 3.9 Fighting
 + Level 5.4 Staves
 + Level 5.6 Dodging
 + Level 9.4 Stealth
 + Level 23.6 Spellcasting
 + Level 9.1 Conjurations
 + Level 3.0 Transmutations
 * Level 9.9 Fire Magic
 * Level 9.9 Ice Magic
 O Level 27 Earth Magic


You had 11 spell levels left.
You knew the following spells:

 Your Spells              Type           Power      Damage    Failure   Level
a - Sandblast             Erth           100%       2d20      0%          1
b - Freeze                Ice            100%       1d11      0%          1
c - Stone Arrow           Conj/Erth      100%       3d13      0%          3
d - Lee's Rapid Deconstr  Erth           63%        3d30*     0%          5
e - Petrify               Tmut/Erth      100%       N/A       1%          4
f - Airstrike             Air            14%        N/A       3%          4
g - Conjure Ball Lightni  Conj/Air       25%        3x3d7     9%          6
h - Iron Shot             Conj/Erth      53%        9d10      1%          6
i - Fireball              Conj/Fire      32%        3d14      1%          5
j - Freezing Cloud        Conj/Ice/Air   28%        6-21      4%          6
k - Shatter               Erth           63%        3d47*     1%          9

Your spell library contained the following spells:

 Spells                   Type           Power      Damage    Failure   Level
 Lehudib's Crystal Spear  Conj/Erth      53%        10d13     1%          8
 Ignition                 Fire           33%        3d10      34%         8
 Passwall                 Tmut/Erth      83%        N/A       0%          2
 Sting                    Tmut/Pois      100%       1d8       1%          1
 Poisonous Vapours        Pois/Air       56%        N/A       1%          2
 Ignite Poison            Fire/Tmut/Pois 49%        N/A       1%          3
 Mephitic Cloud           Conj/Pois/Air  42%        N/A       1%          3
 Borgnjor's Vile Clutch   Necr/Erth      48%        N/A       1%          5
 Olgreb's Toxic Radiance  Pois           28%        N/A       3%          4


Dungeon Overview and Level Annotations

Branches:
Dungeon (1/1)

Altars:
Ashenzari
Cheibriados
Dithmenos
Elyvilon
Fedhas
Gozag
Hepliaklqana
Kikubaaqudgha
Makhleb
Nemelex Xobeh
Okawaru
Qazlal
Ru
Sif Muna
Trog
Uskayaw
Vehumet
Wu Jian
Xom
Yredelemnul
Zin
The Shining One
Beogh
Jiyva
Lugonu


Innate Abilities, Weirdness & Mutations

Your stone body is resilient. (AC +11)
You are immune to poison.
Your large and strong wings let you fly.
You resist negative energy. (rN+)
You are resistant to electric shocks. (rElec)
You are resistant to unholy torment.
You can survive without breathing.
You are immune to petrification.


Message History

Casting: Shatter (dangerous; 1% risk of failure)
Confirm with . or Enter, or press ? or * to list all spells.
You feel a surge of power!
The dungeon rumbles!
You kill the black draconian!
Vehumet accepts your kill.
You feel your power returning.
The sphinx is almost dead.
The balrug is severely wounded.
The purple draconian monk is almost dead.
You kill the deep elf blademaster!
Vehumet accepts your kill.
You feel your power returning.
You kill the naga warrior!
Vehumet accepts your kill.
You feel your power returning.
You kill the deep elf annihilator!
Vehumet accepts your kill.
You feel your power returning.
The azure jelly is heavily wounded.
The harpy is severely wounded.
The red draconian stormcaller is almost dead.
Ka-crash!
You flicker back into view.
The red draconian stormcaller roars!
You hear a shout!
A shadow dragon comes into view.
The sphinx mumbles some strange words.
You suddenly lose the ability to move!
A deep elf blademaster comes into view. It is wielding two +0 rapiers.
Your Conjurations skill increases to level 9!
Found 50 bolts.
The red draconian stormcaller calls down the wrath of Qazlal upon you.
The blast of ice hits you!!
* * * LOW HITPOINT WARNING * * *
You are encased in ice.
You hear a distant slurping noise.
A rockslime comes into view.
The balrug gestures at you.
The fireball explodes!
The fireball engulfs you!!
You die...

.+ #' .+ ..qJ.)†..! #. '#
#D.#..#.e# ## # #'
)##########..qJ#)....#..########'
)))............2.................
..............H..................
.#########...#..)#.#..#########..
.# ...).......# #.. .# #....@.#.#
#.. .# ).............( #.) .#
...H.....)....( #.. .#
.............). #.. .#
)....))....#... #.. .#
)...))).)..).). #.. .#
#).)....)....#. #.. .#
.....).).#..)# #.. ## #++


You could see a shadow dragon (wandering), a purple draconian monk, a deep elf
blademaster, a sphinx, a red draconian stormcaller, an azure jelly, a balrug, a
rockslime and a harpy.

Vanquished Creatures
  A pearl dragon (D)
  A profane servitor (D)
  A Brimstone Fiend (D)
  A hellephant (D)
  3 deep elf blademasters (D)
  Gastronok (D)
  An Executioner (D)
  A storm dragon (D)
  Donald (D)
  An iron dragon (D)
  A ghost moth (D)
  2 orc warlords (D)
  A green draconian (D)
  A stone giant (D)
  A yellow draconian (D)
  A black draconian (D)
  A deep elf annihilator (D)
  A great orb of eyes (D)
  A yaktaur captain (D)
  A deep elf high priest (D)
  2 vault guards (D)
  2 naga warriors (D)
  A hydra (D)
  A boulder beetle (D)
  2 catoblepae (D)
  A two-headed ogre (D)
  Urug (D)
  A death yak (D)
  2 deep elf knights (D)
  A salamander mystic (D)
  A spriggan berserker (D)
  5 hell knights (D)
  A fire crab (D)
  A sixfirhy (D)
  A soul eater (D)
  A deep troll (D)
  2 lindwurms (D)
  A swamp dragon (D)
  3 necromancers (D)
  13 orc knights (D)
  A deep elf pyromancer (D)
  A cyclops (D)
  A manticore (D)
  An elephant (D)
  A black mamba (D)
  A merfolk siren (D)
  A naga mage (D)
  Joseph (D)
  A gargoyle (D)
  An orange demon (D)
  A hellion (D)
  A smoke demon (D)
  2 yaktaurs (D)
  2 red devils (D)
  A troll (D)
  2 jumping spiders (D)
  Prince Ribbit (D)
  A wind drake (shapeshifter) (D)
  A snapping turtle (D)
  A hornet (D)
  An air elemental (D)
  A spriggan (D)
  2 flying skulls (D)
  A vampire (D)
  Sigmund (D)
  6 redbacks (D)
  A tarantella (D)
  3 yaks (D)
  Eustachio (D)
  A fire elemental (D)
  2 steam dragons (D)
  A neqoxec (D)
  A naga (D)
  A warg (D)
  2 floating eyes (D)
  5 hell hounds (D)
  A water moccasin (D)
  A swamp drake (D)
  3 orc warriors (D)
  A black bear (D)
  A wolf (D)
  A centaur (D)
  A kobold brigand (D)
  A phantom (D)
  2 killer bees (D)
  3 hounds (D)
  A jelly (D)
  Crazy Yiuf (D)
  Terence (D)
  3 hell rats (D)
  A river rat (D)
  A white imp (D)
  An adder zombie (D)
  An adder skeleton (D)
  A worm (D)
  An adder simulacrum (D)
  7 orcs (D)
  2 ball pythons (D)
  A bat skeleton (D)
  2 hobgoblins (D)
  A jackal (D)
  2 kobolds (D)
  2 ball python zombies (D)
  3 bats (D)
  A giant cockroach zombie (D)
  2 quokka skeletons (D)
169 creatures vanquished.

Notes
Turn   | Place    | Note
-------+----------+-------------------------------------------
     0 | D        | mhtbhm the Gargoyle Earth Elementalist began the quest for
                  | the Orb.
     0 | D        | Reached XP level 1. HP: 10/10 MP: 3/3
    28 | D        | Reached skill level 4 in Earth Magic
    51 | D        | Found a bloodstained altar of Trog.
    51 | D        | Found a shimmering blue altar of Sif Muna.
    51 | D        | Found a viscous altar of Jiyva.
    51 | D        | Found a hazy altar of Hepliaklqana.
    51 | D        | Found an opulent altar of Gozag.
    52 | D        | Found a glowing golden altar of the Shining One.
    52 | D        | Found a glowing silver altar of Zin.
    52 | D        | Found a basalt altar of Yredelemnul.
    52 | D        | Found a shimmering altar of Xom.
    52 | D        | Found an ornate altar of the Wu Jian Council.
    52 | D        | Found a sacrificial altar of Ru.
    52 | D        | Found a stormy altar of Qazlal.
    52 | D        | Found an iron altar of Okawaru.
    52 | D        | Found a sparkling altar of Nemelex Xobeh.
    52 | D        | Found a burning altar of Makhleb.
    52 | D        | Found a blossoming altar of Fedhas.
    52 | D        | Found a white marble altar of Elyvilon.
    52 | D        | Found a shadowy altar of Dithmenos.
    52 | D        | Found a snail-covered altar of Cheibriados.
    54 | D        | Found a radiant altar of Vehumet.
    54 | D        | Found a corrupted altar of Lugonu.
    55 | D        | Found a hide-covered altar of Uskayaw.
    55 | D        | Found an ancient bone altar of Kikubaaqudgha.
    55 | D        | Found a broken altar of Ashenzari.
    62 | D        | Became a worshipper of Vehumet
   133 | D        | Reached skill level 5 in Earth Magic
   274 | D        | Reached * piety under Vehumet
   274 | D        | Offered knowledge of Freeze by Vehumet.
   277 | D        | Learned a level 1 spell: Freeze
   301 | D        | Noticed a floating eye
   303 | D        | Paralysed by a floating eye for 4 turns
   310 | D        | Paralysed by a floating eye for 3 turns
   313 | D        | Killed a floating eye
   314 | D        | Reached skill level 1 in Staves
   314 | D        | Reached skill level 9 in Earth Magic
   314 | D        | Reached XP level 2. HP: 15/15 MP: 4/7
   314 | D        | Reached XP level 3. HP: 19/19 MP: 4/8
   314 | D        | Reached XP level 4. HP: 24/24 MP: 5/10
   318 | D        | Learned a level 3 spell: Stone Arrow
   460 | D        | Noticed a flying skull
   489 | D        | Reached skill level 1 in Transmutations
   489 | D        | Reached XP level 5. HP: 28/28 MP: 7/11
   664 | D        | Learned a level 5 spell: Lee's Rapid Deconstruction
   667 | D        | Reached ** piety under Vehumet
   667 | D        | Offered knowledge of Magic Dart by Vehumet.
   669 | D        | Killed a flying skull
   670 | D        | Reached skill level 1 in Conjurations
   670 | D        | Reached skill level 11 in Earth Magic
   670 | D        | Reached XP level 6. HP: 32/32 MP: 3/15
   678 | D        | Learned a level 4 spell: Petrify
   890 | D        | Noticed a flying skull
   891 | D        | Killed a flying skull
   891 | D        | Offered knowledge of Searing Ray by Vehumet.
   892 | D        | Reached skill level 5 in Stealth
   892 | D        | Reached skill level 12 in Earth Magic
   892 | D        | Reached XP level 7. HP: 36/36 MP: 11/17
   896 | D        | Reached *** piety under Vehumet
   899 | D        | Noticed Prince Ribbit
   910 | D        | Killed Prince Ribbit
   911 | D        | Reached skill level 13 in Earth Magic
   999 | D        | Reached **** piety under Vehumet
  1000 | D        | Reached skill level 1 in Fighting
  1032 | D        | Noticed a steam dragon
  1034 | D        | Killed a steam dragon
  1035 | D        | Reached XP level 8. HP: 43/43 MP: 12/21
  1102 | D        | Noticed Terence
  1103 | D        | Killed Terence
  1103 | D        | Offered knowledge of Dazzling Flash by Vehumet.
  1104 | D        | Reached ***** piety under Vehumet
  1105 | D        | Reached skill level 14 in Earth Magic
  1137 | D        | Noticed Sigmund
  1137 | D        | Noticed a smoke demon
  1138 | D        | Killed Sigmund
  1139 | D        | Reached skill level 10 in Spellcasting
  1139 | D        | Noticed a snapping turtle
  1144 | D        | Killed a smoke demon
  1165 | D        | Killed a snapping turtle
  1166 | D        | Reached skill level 15 in Earth Magic
  1166 | D        | Reached XP level 9. HP: 31/47 MP: 4/24
  1299 | D        | Found the +8 glaive of the Guard {elec, spectral, AC+5}
  1392 | D        | Noticed a manticore
  1393 | D        | Offered knowledge of Iskenderun's Mystic Blast by Vehumet.
  1395 | D        | Killed a manticore
  1438 | D        | Reached skill level 16 in Earth Magic
  1440 | D        | Noticed an orange demon
  1441 | D        | Reached ****** piety under Vehumet
  1441 | D        | Noticed a gargoyle
  1442 | D        | Killed a gargoyle
  1442 | D        | Killed an orange demon
  1443 | D        | Reached skill level 17 in Earth Magic
  1680 | D        | Noticed Urug
  1681 | D        | Noticed an elephant
  1685 | D        | Offered knowledge of Bolt of Magma by Vehumet.
  1686 | D        | Reached XP level 10. HP: 52/52 MP: 10/27
  1686 | D        | Killed an elephant
  1688 | D        | Killed Urug
  1866 | D        | Reached skill level 18 in Earth Magic
  1875 | D        | Offered knowledge of Airstrike by Vehumet.
  2039 | D        | Noticed a swamp dragon
  2045 | D        | Killed a swamp dragon
  2133 | D        | Learned a level 4 spell: Airstrike
  2135 | D        | Noticed a boulder beetle
  2135 | D        | Noticed a spriggan rider
  2144 | D        | Noticed a deep elf pyromancer
  2146 | D        | Paralysed by a floating eye for 3 turns
  2158 | D        | Killed a deep elf pyromancer
  2158 | D        | Offered knowledge of Conjure Ball Lightning by Vehumet.
  2159 | D        | Reached skill level 15 in Spellcasting
  2159 | D        | Reached skill level 19 in Earth Magic
  2159 | D        | Reached XP level 11. HP: 20/56 MP: 10/30
  2160 | D        | Killed a boulder beetle
  2396 | D        | Learned a level 6 spell: Conjure Ball Lightning
  2404 | D        | Noticed a death yak
  2404 | D        | Noticed Crazy Yiuf
  2404 | D        | Noticed a spriggan berserker
  2405 | D        | Noticed a lindwurm
  2405 | D        | Noticed an orc knight
  2408 | D        | Noticed a deep troll
  2411 | D        | Offered knowledge of Iron Shot by Vehumet.
  2411 | D        | Killed a spriggan berserker
  2412 | D        | Killed an orc knight
  2414 | D        | Killed a lindwurm
  2415 | D        | Reached skill level 20 in Earth Magic
  2416 | D        | Killed a death yak
  2416 | D        | Killed Crazy Yiuf
  2418 | D        | Killed a deep troll
  2870 | D        | Learned a level 6 spell: Iron Shot
  2876 | D        | Noticed a green draconian
  2876 | D        | Noticed a catoblepas
  2876 | D        | Noticed a yellow draconian
  2876 | D        | Noticed a deep elf high priest
  2876 | D        | Noticed a necromancer
  2879 | D        | Killed a deep elf high priest
  2882 | D        | Killed a green draconian
  2882 | D        | Killed a catoblepas
  2883 | D        | Reached skill level 21 in Earth Magic
  2884 | D        | Offered knowledge of Fireball by Vehumet.
  2885 | D        | Killed a necromancer
  2885 | D        | Killed a yellow draconian
  2886 | D        | Reached XP level 12. HP: 42/62 MP: 17/33
  3006 | D        | Learned a level 5 spell: Fireball
  3212 | D        | Reached skill level 5 in Staves
  3221 | D        | Offered knowledge of Yara's Violent Unravelling by Vehumet.
  3222 | D        | Reached skill level 22 in Earth Magic
  3247 | D        | Reached skill level 5 in Dodging
  3358 | D        | Noticed Gastronok
  3364 | D        | Killed Gastronok
  3502 | D        | Noticed Joseph
  3508 | D        | Killed Joseph
  3617 | D        | Noticed a catoblepas
  3622 | D        | Killed a catoblepas
  3622 | D        | Offered knowledge of Freezing Cloud by Vehumet.
  3646 | D        | Noticed Eustachio
  3647 | D        | Killed Eustachio
  3806 | D        | Learned a level 6 spell: Freezing Cloud
  3855 | D        | Noticed a profane servitor
  3855 | D        | Noticed a storm dragon
  3858 | D        | Reached skill level 23 in Earth Magic
  3858 | D        | Killed a hell knight
  3858 | D        | Offered knowledge of Lehudib's Crystal Spear by Vehumet.
  3858 | D        | Offered knowledge of Shatter by Vehumet.
  3858 | D        | Offered knowledge of Ignition by Vehumet.
  3859 | D        | Killed a hell knight
  3859 | D        | Killed a profane servitor
  3859 | D        | Noticed a four-headed hydra
  3860 | D        | Reached skill level 24 in Earth Magic
  3860 | D        | Reached XP level 13. HP: 33/68 MP: 34/36
  3864 | D        | Killed a storm dragon
  3865 | D        | Noticed Donald
  3869 | D        | Killed Donald
  3869 | D        | Noticed a great orb of eyes
  3872 | D        | Reached skill level 25 in Earth Magic
  3872 | D        | Killed a great orb of eyes
  4112 | D        | Got the Handbook of the Mountains
  4386 | D        | Learned a level 9 spell: Shatter
  4392 | D        | Noticed a pearl dragon
  4396 | D        | Killed a pearl dragon
  4397 | D        | Reached skill level 5 in Conjurations
  4397 | D        | Reached skill level 26 in Earth Magic
  4612 | D        | Noticed a stone giant
  4614 | D        | Killed a stone giant
  4615 | D        | Gained mutation: Your large and strong wings let you fly.
                  | [Gargoyle growth]
  4615 | D        | Reached XP level 14. HP: 75/75 MP: 26/39
  4765 | D        | Noticed a Brimstone Fiend
  4767 | D        | Killed a Brimstone Fiend
  4787 | D        | Noticed an iron dragon
  4792 | D        | Killed an iron dragon
  4793 | D        | Reached skill level 1 in Fire Magic
  4793 | D        | Reached skill level 1 in Ice Magic
  4973 | D        | Noticed an orc warlord
  4973 | D        | Noticed an orc warlord
  4974 | D        | Noticed a deep elf blademaster
  4976 | D        | Killed an orc warlord
  4976 | D        | Killed an orc warlord
  4976 | D        | Killed a deep elf blademaster
  4976 | D        | Noticed a deep elf blademaster
  4976 | D        | Noticed a black draconian
  4976 | D        | Noticed a hellephant
  4977 | D        | Reached skill level 27 in Earth Magic
  4977 | D        | Noticed a balrug
  4977 | D        | Noticed a sphinx
  4978 | D        | Noticed an Executioner
  4979 | D        | Killed a deep elf blademaster
  4979 | D        | Killed a hellephant
  4980 | D        | Killed an Executioner
  4980 | D        | Noticed a red draconian stormcaller
  4980 | D        | Noticed a purple draconian monk
  4980 | D        | Noticed a deep elf blademaster
  4980 | D        | Noticed an azure jelly
  4981 | D        | Reached XP level 15. HP: 31/80 MP: 29/42
  4981 | D        | Killed a ghost moth
  4982 | D        | Killed a deep elf blademaster
  4982 | D        | Noticed a shadow dragon
  4982 | D        | Paralysed by a sphinx for 5 turns
  4982 | D        | Noticed a deep elf blademaster
  4983 | D        | HP: 2/80 [red draconian stormcaller (30)]
  4983 | D        | Noticed a rockslime
  4983 | D        | Killed from afar by a balrug

Illustrated notes

Levels and vault maps discovered:
D:        pitsprint [storerooms_1, entrance_room_1, metal_vault_4, armoury_3,
          mini_pit_1, grid_room_1, main_hall_1, silver_pit, the_coven_1,
          the_vestibule_1, steel_vault_3, golden_pit, hallway_of_sentries,
          crystal_vault_4, iron_vault_5, final_vault]

Skill      XL: |  1  2  3  4  5  6  7  8  9 10 11 12 13 14 15 |
---------------+----------------------------------------------+-----
Earth Magic    | 9 11 12 13 15 17 19 21 24 26 27 | 27.0
Staves         | 1 2 3 4 5 |  5.4
Dodging        | 2 3 4 5 |  5.6
Stealth        | 3 4 5 8 9 |  9.4
Spellcasting   | 4 6 7 9 11 13 15 17 19 21 23 | 23.6
Transmutations | 1 2 3 |  3.0
Conjurations   | 1 2 3 4 5 8 9 |  9.1
Fighting       | 1 2 3 |  3.9
Fire Magic     | 8 9 |  9.9
Ice Magic      | 8 9 |  9.9

Action                   |  1- 3 |  4- 6 |  7- 9 | 10-12 | 13-15 || total
-------------------------+-------+-------+-------+-------+-------++-------
Melee: Quarterstaff      |     8 |       |    10 |    13 |       ||    31
       Unarmed           |     3 |       |       |       |       ||     3
 Cast: Sandblast         |     8 |     1 |    11 |     2 |       ||    22
       Stone Arrow       |       |     2 |     6 |    13 |     2 ||    23
       Lee's Rapid Decon |       |     3 |    18 |    63 |    19 ||   103
       Petrify           |       |       |     2 |     2 |     1 ||     5
       Freezing Cloud    |       |       |       |     1 |       ||     1
       Iron Shot         |       |       |       |       |    11 ||    11
       Shatter           |       |       |       |       |     8 ||     8
  Use: Potion            |       |       |       |     2 |     5 ||     7
       Scroll            |       |       |       |     1 |       ||     1
 Stab: Petrified         |       |       |       |     8 |       ||     8
Armor: Robe              |     3 |       |     3 |       |       ||     6
       Steam dragon scal |       |       |     5 |    20 |     4 ||    29
Dodge: Dodged            |     5 |       |    13 |    19 |    10 ||    47

Table legend: (Time is in decaauts)
 A = Elapsed time spent in this place.
 B = Non-inter-level travel time spent in this place.
 C = Inter-level travel time spent in this place.
 D = Time resting spent in this place.
 E = Time spent auto-exploring this place.
 F = Levels seen in this place.
 G = Mean time per level.
                   A        B        C        D        E       F      G
               +--------+--------+--------+--------+--------+-----+--------+
         Total |   4980 |   4980 |      0 |   3534 |     90 |   1 | 4980.0 |
       Dungeon |   4980 |   4980 |      0 |   3534 |     90 |   1 | 4980.0 |
               +--------+--------+--------+--------+--------+-----+--------+

Top non-repeatable levels by time:
       D: 4980 daAuts
